Map: Redshift LE

Players

Erbo - Winner!

  • Race: Zerg Zerg
  • Spawn Location: 7:00

Vrajitoru

  • Race: Zerg Zerg
  • League: Silver
  • Spawn Location: 11:00

VOD

Have the link to the VOD?

Description

Time

  • Played on: Aug. 12, 2018, 8:20 a.m.
  • Length: 4:34
Show
View Real Time Build Order
Export as new Build Order

Erbo Zerg - Winner!

Build Orders: Pool First 

Get SALT Encoding   

  12  0:04  Drone  
  13  0:09  Drone  
  14  0:18  Overlord  
  14  0:36  Spawning Pool  
  14  0:42  Drone x2  
  15  0:49  Drone  
  16  1:00  Extractor  
  16  1:03  Drone  
  16  1:12  Overlord  
  16  1:20  Drone  
  16  1:25  Queen  
  19  1:28  Zergling x2  
  20  1:35  Roach Warren  
  19  1:46  Zergling x2  
  20  1:54  Zergling x2  
  21  2:06  Hatchery  
  20  2:17  Roach x2  
  24  2:37  Roach x3  
  24  2:39  Overlord  
  30  2:49  Extractor  
  29  3:08  Drone x2  
  29  3:09  Zergling x2  
  29  3:10  Zergling x6  
  35  3:23  Roach  
  37  3:32  Lair  
  37  3:38  Drone  
  38  3:43  Drone  
  38  4:21  Drone x3  
Show
View Real Time Build Order
Export as new Build Order

Vrajitoru Zerg 

Build Orders: Hatch First 

Get SALT Encoding   

  12  0:02  Drone  
  13  0:13  Overlord  
  13  0:21  Drone  
  14  0:35  Drone x2  
  16  0:36  Drone  
  17  0:55  Drone  
  18  1:03  Hatchery  
  17  1:04  Drone  
  18  1:23  Spawning Pool  
  18  1:24  Extractor  
  16  1:26  Overlord  
  16  1:28  Drone  
  17  1:33  Drone  
  18  2:00  Drone x2  
  20  2:21  Zergling x4  
  22  2:24  Drone  
  23  2:34  Queen  
  23  2:35  Metabolic Boost  
  25  2:44  Zergling x4  
  25  2:45  Zergling x2  
  28  3:00  Overlord x3  
  28  3:01  Overlord  
  28  3:17  Queen  
  30  3:21  Zergling x4  
  30  3:23  Drone x2  
Tags
 
League
Silver
Matchup
ZvZ
Race
Zerg
Spawn Locations
Close Positions
Add a new tag
Caveats
  • Supply blocks, unpowered buildings, or Contaminate may cause inaccurate times.
  • Supply counts are checked every 10 seconds.